Workbook

Sheet Cover
A1: TENTATIVE TOWN BUDGET
A3: 2023
A5: TOWN OF FARMERSVILLE
A7: IN
A9: COUNTY OF CATTARAUGUS

Sheet Summary
A1: TOWN OF FARMERSVILLE, NEW YORK
A2: =Cover!A3&" "&Cover!A1 -> 2023 TENTATIVE TOWN BUDGET
B4: 44845 | K4: For internal use only
C6: APPROPRIATIONS | E6: LESS | G6: LESS | I6: AMOUNT TO | K6: 2022 Amount to
C7: AND PROVISIONS | E7: ESTIMATED | G7: UNEXPENDED | I7: BE RAISED | K7: Be Raised | M7: 2023 | N7: 2023 Tax Rate | O7: 2022 Tax Rate
A8: CODE | B8: FUND | C8: FOR OTHER USES | E8: REVENUES | G8: BALANCE | I8: BY TAXATION | K8: by Taxation | M8: Taxable Value | N8: per $1,000 | O8: per $1,000
A10: A | B10: GENERAL FUND | C10: =+'General A - App'!F215 -> 287133.93 | E10: =+'General A - Rev'!F70 -> 227499 | I10: =+C10-E10-G10 -> 59634.93 | K10: 234422 | M10: 71576254 | N10: =+I10/(+M10/1000) -> 0.8331664 | O10: =+K10/(+M28/1000) -> 3.2742372 | P10: =+N10-O10 -> -2.4410708
A12: DA | B12: HIGHWAY FUND | C12: =+'Highway DA - App'!F86 -> 635478.85 | E12: =+'Highway DA -Rev'!F43 -> 333000 | G12: 0 | I12: =+C12-E12-G12 -> 302478.85 | K12: 490468 | M12: 71576254 | N12: =+I12/(+M12/1000) -> 4.2259665 | O12: =+K12/(+M28/1000) -> 6.8505028 | P12: =+N12-O12 -> -2.6245363
A14: SUBTOTAL - TOWNWIDE FUNDS | C14: =SUM(C10:C12) -> 922612.78 | E14: =SUM(E10:E12) -> 560499 | G14: =SUM(G10:G12) -> 0 | I14: =+C14-E14-G14 -> 362113.78 | K14: =SUM(K10:K12) -> 724890 | N14: =SUM(N10:N12) -> 5.0591329 | O14: =SUM(O10:O12) -> 10.12474 | P14: =+N14-O14 -> -5.0656071
K15: =+I14-K14 -> -362776.22 | P15: =+P14/O14 -> -0.50031972
A16: SPECIAL DISTRICTS
A18: SL | B18: LIGHTING FUND | C18: =+'Lighting District'!F12 -> 2500 | I18: =+C18-E18-G18 -> 2500 | K18: 3500 | M18: 4101001 | N18: =+I18/(+M18/1000) -> 0.60960726 | O18: =+K18/(+N28/1000) -> 0.8510001
A20: TOTAL - TOWNWIDE & SPECIAL DISTRICT FUNDS | C20: =SUM(C14:C19) -> 925112.78 | E20: =SUM(E14,E18:E19) -> 560499 | G20: =SUM(G14:G19) -> 0 | I20: =+C20-E20-G20 -> 364613.78 | K20: =SUM(K14:K19) -> 365613.78 | N20: 2023 Tax cap
A22: FIRE DISTRICTS
B24: FIRE DISTRICT | C24: 0 | E24: 0 | G24: 0 | I24: =+C24-E24-G24 -> 0 | K24: 88773 | M24: 78274163 | N24: =+I24/(+M24/1000) -> 0 | O24: =+K24/(+O28/1000) -> 1.1332864
A26: TOTAL TOWN AND FIRE DISTRICT BUDGETS | C26: =SUM(C20:C24) -> 925112.78 | E26: =SUM(E20:E25) -> 560499 | G26: =SUM(G20:G24) -> 0 | I26: =SUM(I20:I24) -> 364613.78 | M26: 2022 Taxable Value
M27: Town | N27: Lighting | O27: Fire
M28: 71595913 | N28: 4112808 | O28: 78332362
N30: 2023 estimated tax bill
M32: Assessed val. | N32: 150000 | O32: 150000
M34: rate per thousand | N34: =+N14 -> 5.0591329 | O34: =+O14 -> 10.12474 | P34: =+N34-O34 -> -5.0656071
N36: =+N32*N34/1000 -> 758.86993 | O36: =+O32*O34/1000 -> 1518.711 | P36: =+N36-O36 -> -759.84106

Sheet General A - App
A1: =+Summary!A1 -> TOWN OF FARMERSVILLE, NEW YORK
A5: GENERAL FUND A | D5: Adopted | E5: Actual Thru | F5: =PROPER(LEFT(Cover!A1,FIND(" ",Cover!A1,1))) -> Tentative
A6: APPROPRIATIONS | C6: Actual | D6: Budget | E6: sept | F6: Budget
C7: =F7-2 -> 2021 | D7: =F7-1 -> 2022 | E7: =F7-1 -> 2022 | F7: =Cover!A3 -> 2023
A9: Accounts | B9: Code
A11: GENERAL GOVERNMENT SUPPORT
A13: Legislative Board
A15: Town Board - Salaries | B15: 1010.1 | C15: 4500 | D15: 6000 | E15: 1125 | F15: 6000
A16: Town Board - Contractual | B16: 1010.4 | C16: 266 | D16: 500 | E16: 175 | F16: 300
A18: Total Legislative Board | C18: =SUM(C15:C16) -> 4766 | D18: =SUM(D15:D16) -> 6500 | E18: =SUM(E15:E16) -> 1300 | F18: =SUM(F15:F16) -> 6300
A20: Municipal Court
A22: Town Justice - Salaries | B22: 1110.1 | C22: 17100 | D22: 15100 | E22: 11616 | F22: 15100
A23: Court Clerk - Salary | B23: 1110.11 | D23: 2000 | E23: 1462 | F23: 2000
A24: Town Justice - Equipment | B24: 1110.2 | C24: 0 | D24: 500 | E24: 0 | F24: 0
A25: Town Justice - Contractual | B25: 1110.4 | C25: 2719 | D25: 2000 | E25: 1171 | F25: 2000
A26: Town Justice - Prosecutor | B26: 1110.4C | D26: 3000 | E26: 2250 | F26: 3000
A28: Total Municipal Court | C28: =SUM(C22:C27) -> 19819 | D28: =SUM(D22:D27) -> 22600 | E28: =SUM(E22:E27) -> 16499 | F28: =SUM(F22:F27) -> 22100
A30: Supervisor
A32: Supervisor - Salary | B32: 1220.1 | C32: 5000 | D32: 5000 | E32: 2500 | F32: 5000
A33: Supervisor - Equipment | B33: 1220.2 | D33: 1000 | F33: 0
A34: Supervisor - Contractual | B34: 1220.4 | C34: 229 | D34: 1300 | E34: 840 | F34: 1300
A36: Total Supervisor | C36: =SUM(C32:C34) -> 5229 | D36: =SUM(D32:D34) -> 7300 | E36: =SUM(E32:E34) -> 3340 | F36: =SUM(F32:F34) -> 6300
A38: Auditor
A40: Accounting- Fees | B40: 1320.4 | C40: 6200 | D40: 7400 | E40: 5550 | F40: 10500
A42: Total Auditor | C42: =SUM(C40:C40) -> 6200 | D42: =SUM(D40:D40) -> 7400 | E42: =SUM(E40:E40) -> 5550 | F42: =SUM(F40:F40) -> 10500
A44: Tax Collection
A46: Tax Collector - Contractual | B46: 1330.4 | C46: 1605 | D46: 1400 | E46: 848 | F46: 1400
A48: Total Tax Collection | C48: =SUM(C46) -> 1605 | D48: =SUM(D46) -> 1400 | E48: =SUM(E46) -> 848 | F48: =SUM(F46) -> 1400
A50: Assessment
A52: Assessor - Contractual | B52: 1355.4 | C52: 7400 | D52: 8000 | E52: 7181 | F52: 8000
A54: Total Assessment | C54: =SUM(C52:C52) -> 7400 | D54: =SUM(D52:D52) -> 8000 | E54: =SUM(E52:E52) -> 7181 | F54: =SUM(F52:F52) -> 8000
A56: Bank Fees
A58: Bank Fees | B58: 1380.4 | C58: 448 | D58: 600 | F58: 600
A60: Total Tax Arrears Board | C60: =SUM(C58) -> 448 | D60: =SUM(D58) -> 600 | E60: =SUM(E58) -> 0 | F60: =SUM(F58) -> 600
A62: Clerk
A64: Town Clerk - Salary | B64: 1410.1 | C64: 13450 | D64: 13450 | E64: 10346 | F64: 15000
A65: Town Clerk - Deputy | B65: 1410.1D | C65: 3000 | D65: 3000 | E65: 2307 | F65: 3000
A66: Town Clerk - Contractual | B66: 1410.4 | C66: 1377 | D66: 1800 | E66: 631 | F66: 1200
A68: Total Clerk | C68: =SUM(C64:C66) -> 17827 | D68: =SUM(D64:D66) -> 18250 | E68: =SUM(E64:E66) -> 13284 | F68: =SUM(F64:F66) -> 19200
A70: Law
A72: Legal-Fees | B72: 1420.1
A73: Legal Fees | B73: 1420.4 | C73: 57764 | D73: 25000 | E73: 21514 | F73: 25000
A75: Total Law | C75: =SUM(C73:C73) -> 57764 | D75: =SUM(D73:D73) -> 25000 | E75: =SUM(E73:E73) -> 21514 | F75: =SUM(F73:F73) -> 25000
A77: Arbitrator
A79: Arbitrator- Fees | B79: 1430.1
A81: Total Arbitrator | C81: =SUM(C79) -> 0 | D81: =SUM(D79) -> 0 | E81: =SUM(E79) -> 0 | F81: =SUM(F79) -> 0
A83: Buildings
A85: Building - Salary | B85: 1620.1 | C85: 800 | D85: 920 | E85: 400 | F85: 920
A86: Building - Capital Expenditure | B86: 1620.2 | C86: 2900 | D86: 2000 | E86: 0 | F86: 2000
A87: Building - Contractual | B87: 1620.4 | C87: 16258 | D87: 17000 | E87: 14490 | F87: 17000
A89: Total Buildings | C89: =SUM(C85:C87) -> 19958 | D89: =SUM(D85:D87) -> 19920 | E89: =SUM(E85:E87) -> 14890 | F89: =SUM(F85:F87) -> 19920
A91: Information Technologies
A93: IT Technologies | B93: 1650.1 | C93: 0 | D93: 750 | E93: 553 | F93: 750
A94: IT Technologies - Equipment | B94: 1650.2 | C94: 0 | D94: 500 | F94: 0
A95: IT Technologies - Web Page | B95: 1650.4 | D95: 150 | E95: 215 | F95: 215
A97: Total Information Technologies | C97: =SUM(C93:C95) -> 0 | D97: =SUM(D93:D95) -> 1400 | E97: =SUM(E93:E95) -> 768 | F97: =SUM(F93:F95) -> 965
A99: Central Print & Mail
A101: Printing - Contractual | B101: 1670.4 | C101: 0 | D101: 400 | F101: 0
A102: Printing - Tax Roll | B102: 1670.4T | C102: 2047 | D102: 2200 | F102: 2200
A104: Total Print & Mail | C104: =SUM(C101:C103) -> 2047 | D104: =SUM(D101:D103) -> 2600 | E104: =SUM(E101:E103) -> 0 | F104: =SUM(F101:F103) -> 2200
A106: Unallocated Insurance
A108: Insurance - Contractual | B108: 1910.4 | C108: 18193 | D108: 20475 | E108: 19404 | F108: 20500
A110: Total Unallocated Insurance | C110: =SUM(C108) -> 18193 | D110: =SUM(D108) -> 20475 | E110: =SUM(E108) -> 19404 | F110: =SUM(F108) -> 20500
A112: Municipal Association Dues
A114: Dues - Contractual | B114: 1920.4 | C114: 150 | D114: 750 | E114: 750 | F114: 750
A116: Total Municipal Assn Dues | C116: =SUM(C114) -> 150 | D116: =SUM(D114) -> 750 | E116: =SUM(E114) -> 750 | F116: =SUM(F114) -> 750
A118: Other Gen Govt Support
A120: Contingent | B120: 1990.4 | D120: 7400 | F120: 5000
A122: Total Other Gen Govt Support | C122: =SUM(C120:C120) -> 0 | D122: =SUM(D120:D120) -> 7400 | E122: =SUM(E120:E120) -> 0 | F122: =SUM(F120:F120) -> 5000
A124: TOTAL GENERAL GOVT. SUPPORT | C124: =C122+C116+C110+C104+C89+C81+C75+C68+C60+C54+C48+C42+C36+C28+C18+C97 -> 161406 | D124: =D122+D116+D110+D104+D89+D81+D75+D68+D60+D54+D48+D42+D36+D28+D18+D97 -> 149595 | E124: =E122+E116+E110+E104+E89+E81+E75+E68+E60+E54+E48+E42+E36+E28+E18+E97 -> 105328 | F124: =F122+F116+F110+F104+F89+F81+F75+F68+F60+F54+F48+F42+F36+F28+F18+F97 -> 148735
A126: Police
A128: Constable - Salary | B128: 3120.1 | C128: 3100 | D128: 3100 | E128: 2385 | F128: 3100
A129: Constable - Equipment | B129: 3120.2 | C129: 0 | D129: 100 | F129: 100
A130: Constable - Contractual | B130: 3120.4 | C130: 166 | D130: 250 | E130: 167 | F130: 250
A132: Total Police | C132: =SUM(C127:C131) -> 3266 | D132: =SUM(D127:D131) -> 3450 | E132: =SUM(E127:E131) -> 2552 | F132: =SUM(F127:F131) -> 3450
A134: Traffic
A136: Traffic Signs | B136: 3310.4 | C136: 0 | D136: 7500 | E136: 36 | F136: 5000
A138: Total Traffic | C138: =SUM(C135:C137) -> 0 | D138: =SUM(D135:D137) -> 7500 | E138: =SUM(E135:E137) -> 36 | F138: =SUM(F135:F137) -> 5000
A140: Control of Animals
A142: Dog Warden - Contract | B142: 3510.4 | C142: 3777 | D142: 3777 | E142: 3777 | F142: 3777
A144: Total Control of Animals | C144: =SUM(C141:C143) -> 3777 | D144: =SUM(D141:D143) -> 3777 | E144: =SUM(E141:E143) -> 3777 | F144: =SUM(F141:F143) -> 3777
A146: Safety Inspection
A148: Building Inspector - Salary | B148: 3620.1 | C148: 6000 | D148: 8000 | E148: 6274 | F148: 8000
A149: Building Inspector - Equipment | B149: 3620.2 | C149: 833 | D149: 100 | F149: 100
A150: Building Inspector - Contractual | B150: 3620.4 | C150: 743 | D150: 1200 | E150: 15 | F150: 100
A152: Total Safety Inspection | C152: =SUM(C148:C150) -> 7576 | D152: =SUM(D148:D150) -> 9300 | E152: =SUM(E148:E150) -> 6289 | F152: =SUM(F148:F150) -> 8200
A154: Registrar of Vital Statistics
A156: Registrar of Vital Statistics - Salary | B156: 4020.1 | C156: 100 | D156: 100 | E156: 76 | F156: 100
A158: Total Registrar of Vital Statistics | C158: =SUM(C155:C156) -> 100 | D158: =SUM(D155:D156) -> 100 | E158: =SUM(E155:E156) -> 76 | F158: =SUM(F155:F156) -> 100
A160: Ambulance
A162: Ambulance - Salary | B162: 4540.1 | C162: 28600 | D162: 26100 | E162: 26100 | F162: 27000
A163: Ambulance - Contractual | B163: 4540.4
A165: Total Ambulance | C165: =SUM(C162:C163) -> 28600 | D165: =SUM(D162:D163) -> 26100 | E165: =SUM(E162:E163) -> 26100 | F165: =SUM(F162:F163) -> 27000
A167: TOTAL PUBLIC SAFETY AND HEALTH | C167: =C152+C144+C138+C132+C158+C165 -> 43319 | D167: =D152+D144+D138+D132+D158+D165 -> 50227 | E167: =E152+E144+E138+E132+E158+E165 -> 38830 | F167: =F152+F144+F138+F132+F158+F165 -> 47527
A169: Street Admin
A171: Highway Superintend - Salary | B171: 5010.1 | C171: 42000 | D171: 42000 | E171: 32308 | F171: 47000
A172: Highway Superintend | B172: 5010.1D | C172: 500 | D172: 500 | E172: 375 | F172: 500
A173: Highway Superintend - Contractual | B173: 5010.4 | C173: 645 | D173: 800 | F173: 500
A174: Drug Testing | B174: 5010.4D | D174: 350 | F174: 350
A176: Total Street Admin | C176: =SUM(C171:C175) -> 43145 | D176: =SUM(D171:D175) -> 43650 | E176: =SUM(E171:E175) -> 32683 | F176: =SUM(F171:F175) -> 48350
...

Sheet General A - Rev
A1: =+Summary!A1 -> TOWN OF FARMERSVILLE, NEW YORK
A5: GENERAL FUND A | D5: ='General A - App'!D5 -> Adopted | E5: Actual Thru | F5: =PROPER(LEFT(Cover!A1,FIND(" ",Cover!A1,1))) -> Tentative
A6: REVENUES | C6: Actual | D6: Budget | E6: sept | F6: Budget
C7: =F7-2 -> 2021 | D7: =F7-1 -> 2022 | E7: =F7-1 -> 2022 | F7: =Cover!A3 -> 2023
A9: Accounts | B9: Code
A11: Real Property Taxes
A13: Real Property Taxes | B13: 1001 | C13: 254296 | D13: 234422 | E13: 234422 | F13: =+Summary!I10 -> 59634.93
A15: Total Real Property Taxes | C15: =C13 -> 254296 | D15: =D13 -> 234422 | E15: =E13 -> 234422 | F15: =F13 -> 59634.93
A17: Real Property Tax Items
A19: Interest and Penalty on Taxes | B19: 1090 | C19: 2829 | D19: 3000 | E19: 2564 | F19: 3000
A21: Total Real Property Tax Items | C21: =SUM(C19) -> 2829 | D21: =SUM(D19) -> 3000 | E21: =SUM(E19) -> 2564 | F21: =SUM(F19) -> 3000
A23: Non Property Tax Items
A25: Sales Tax | B25: 1120 | C25: 3106 | D25: 6000 | E25: 42152 | F25: 200000
A27: Total Non Property Tax Items | C27: =SUM(C25:C26) -> 3106 | D27: =SUM(D25:D26) -> 6000 | E27: =SUM(E25:E26) -> 42152 | F27: =SUM(F25:F26) -> 200000
A29: Departmental Income
A31: Clerk Fees | B31: 1255 | C31: 707 | D31: 1000 | E31: 675 | F31: 900
A33: Total Departmental Income | C33: =SUM(C31) -> 707 | D33: =SUM(D31) -> 1000 | E33: =SUM(E31) -> 675 | F33: =SUM(F31) -> 900
A35: Use of Money and Property
A37: Interest - Regular Funds | B37: 2401 | C37: 37 | D37: 100 | F37: 100
A38: Interest - Money Market | B38: 2401M
A39: Interest - CLASS | B39: 2402 | D39: 50 | F39: 800
A41: Total Use of Money and Property | C41: =SUM(C37:C40) -> 37 | D41: =SUM(D37:D40) -> 150 | E41: =SUM(E37:E40) -> 0 | F41: =SUM(F37:F40) -> 900
A43: Licenses and Permits
A45: Dog Licenses | B45: 2544 | C45: 1266 | D45: 1000 | E45: 882 | F45: 1000
A46: Building Permits | B46: 2555 | C46: 1653 | D46: 19788 | E46: 123328 | F46: 2000
A48: Total Licenses and Permits | C48: =SUM(C45:C46) -> 2919 | D48: =SUM(D45:D46) -> 20788 | E48: =SUM(E45:E46) -> 124210 | F48: =SUM(F45:F46) -> 3000
A50: Fines and Forfeitures
A52: Fines and Forfeited Bail | B52: 2610 | C52: 6814 | D52: 8500 | E52: 5300 | F52: 6500
A54: Total Fines and Foreitures | C54: =SUM(C52) -> 6814 | D54: =SUM(D52) -> 8500 | E54: =SUM(E52) -> 5300 | F54: =SUM(F52) -> 6500
A56: Misc Local Sources
A58: Refund of Prior Years Expenditures | B58: 2701 | C58: 450 | E58: 30 | F58: 0
A59: NYS Revenue Sharing | B59: 2750 | C59: 5199 | D59: 5200 | E59: 5199 | F59: 5199
A60: Miscellaneous Revenue | B60: 2770 | C60: 2048
A62: Total Misc Local Sources | C62: =SUM(C58:C60) -> 7697 | D62: =SUM(D58:D60) -> 5200 | E62: =SUM(E58:E60) -> 5229 | F62: =SUM(F58:F60) -> 5199
A64: State Aid
A66: Mortgage Tax | B66: 3005 | C66: 11521 | D66: 8000 | E66: 6753 | F66: 8000
A68: Total State Aid | C68: =SUM(C66:C66) -> 11521 | D68: =SUM(D66:D66) -> 8000 | E68: =SUM(E66:E66) -> 6753 | F68: =SUM(F66:F66) -> 8000
A70: Total Non-Property Tax Revenues | C70: =SUM(C68,C62,C54,C48,C41,C33,C27,C21) -> 35630 | D70: =SUM(D68,D62,D54,D48,D41,D33,D27,D21) -> 52638 | E70: =SUM(E68,E62,E54,E48,E41,E33,E27,E21) -> 186883 | F70: =SUM(F68,F62,F54,F48,F41,F33,F27,F21) -> 227499
A72: TOTAL REVENUES | C72: =SUM(C68,C62,C54,C48,C41,C33,C27,C21,C15) -> 289926 | D72: =SUM(D68,D62,D54,D48,D41,D33,D27,D21,D15) -> 287060 | E72: =SUM(E68,E62,E54,E48,E41,E33,E27,E21,E15) -> 421305 | F72: =SUM(F68,F62,F54,F48,F41,F33,F27,F21,F15) -> 287133.93

Sheet Highway DA - App
A1: =+Summary!A1 -> TOWN OF FARMERSVILLE, NEW YORK
A5: HIGHWAY FUND DA | D5: ='General A - App'!D5 -> Adopted | E5: Actual Thru | F5: =PROPER(LEFT(Cover!A1,FIND(" ",Cover!A1,1))) -> Tentative
A6: APPROPRIATIONS | C6: Actual | D6: Budget | E6: sept | F6: Budget
C7: =F7-2 -> 2021 | D7: =F7-1 -> 2022 | E7: =F7-1 -> 2022 | F7: =Cover!A3 -> 2023
A9: Accounts | B9: Code
A11: Maint of Streets
A13: General Repairs - Wages | B13: 5110.1 | C13: 55176 | D13: 53712 | F13: 58200
A14: Longevity Stipend | B14: 5112.1L | C14: 0 | D14: 3000 | E14: 0 | F14: 2000
A15: General Repairs - Contractual | B15: 5110.4 | C15: 47075 | D15: 60000 | E15: 14487 | F15: 60000
A17: Total Maint of Streets | C17: =SUM(C13:C15) -> 102251 | D17: =SUM(D13:D15) -> 116712 | E17: =SUM(E13:E15) -> 14487 | F17: =SUM(F13:F15) -> 120200
A19: Perm Improve Highway
A21: Road Construction | B21: 5112.2 | C21: 258076 | D21: 114000 | E21: 97016 | F21: 131000
A23: Total Perm Improve Highway | C23: =SUM(C21) -> 258076 | D23: =SUM(D21) -> 114000 | E23: =SUM(E21) -> 97016 | F23: =SUM(F21) -> 131000
A25: Maint of Bridges
A27: Bridge - Kingsbury Hill | B27: 5120.2 | C27: 106104
A29: Total Maint of Bridges | C29: =SUM(C27) -> 106104 | D29: =SUM(D27) -> 0 | E29: =SUM(E27) -> 0 | F29: =SUM(F27) -> 0
A31: TOTAL GENERAL REPAIRS | C31: =C23+C17+C29 -> 466431 | D31: =D23+D17+D29 -> 230712 | E31: =E23+E17+E29 -> 111503 | F31: =F23+F17+F29 -> 251200
A33: Machinery
A35: Wages | B35: 5130.1 | C35: 22009 | D35: 13428 | E35: 9603 | F35: 13000
A36: Equipment | B36: 5130.2 | C36: 44878 | D36: 24000 | E36: 28240 | F36: 31000
A37: Equipment - Reserve | B37: 5130.2R | F37: 0
A38: Contractual | B38: 5130.4 | C38: 62906 | D38: 50000 | E38: 26769 | F38: 51000
A39: Lease - 2020 Loader | B39: 5130.4L | D39: 25500 | F39: 25500
A41: Total Machinery | C41: =SUM(C35:C39) -> 129793 | D41: =SUM(D35:D39) -> 112928 | E41: =SUM(E35:E39) -> 64612 | F41: =SUM(F35:F39) -> 120500
A43: Brush and Weeds
A45: Wages | B45: 5140.1 | C45: 8815 | D45: 8952 | E45: 0 | F45: 0
A46: Contractual | B46: 514034 | C46: 0 | D46: 2000 | E46: 0 | F46: 0
A48: Total Brush and Weeds | C48: =SUM(C45:C46) -> 8815 | D48: =SUM(D45:D46) -> 10952 | E48: =SUM(E45:E46) -> 0 | F48: =SUM(F45:F46) -> 0
A50: Snow Removal
A52: Wages | B52: 5142.1 | C52: 41929 | D52: 49236 | E52: 32738 | F52: 53700
A53: Contractual | B53: 5142.4 | C53: 78953 | D53: 82500 | E53: 66483 | F53: 82500
A55: Total Snow Removal | C55: =SUM(C52:C53) -> 120882 | D55: =SUM(D52:D53) -> 131736 | E55: =SUM(E52:E53) -> 99221 | F55: =SUM(F52:F53) -> 136200
A57: Employee Benefits
A59: Retirement | B59: 9010.8 | C59: 13910 | D59: 15973 | F59: 15100
A60: Social Security | B60: 9030.8 | C60: 9787 | D60: 9817 | F60: =(+F52+F45+F35+F14+F13)*0.0765 -> 9707.85
A61: Workers Compensation | B61: 9040.8 | C61: 13270 | D61: 16312 | F61: 15150
A62: Disability Insurance | B62: 9055.8 | C62: 74 | D62: 125 | F62: 75
A63: Hospital and Medical Insurance | B63: 9060.8 | C63: 18861 | D63: 21660 | F63: 25000
A65: Total Employee Benefits | C65: =SUM(C59:C63) -> 55902 | D65: =SUM(D59:D63) -> 63887 | E65: =SUM(E59:E63) -> 0 | F65: =SUM(F59:F63) -> 65032.85
A67: Debt Service
A69: SIB - Truck - Principal | B69: 9711.6 | D69: 8872 | F69: 0
A70: SIB - Truck - Interest | B70: 9711.7 | D70: 311 | F70: 0
A71: SIB - 1 Ton Truck - Principal | B71: 9712.6 | D71: 8000 | F71: 8000
A72: SIB - 1 Ton Truck - Interest | B72: 9712.7 | D72: 368 | F72: 368
A73: SIB - Case Tractor - Principal | B73: 9713.6 | D73: 10000 | F73: 10000
A74: SIB - Case Tractor - Interest | B74: 9713.7 | D74: 675 | F74: 675
A75: Note - Kingsbury Hill - Principal | B75: 9714.6 | D75: 21221 | F75: 21221
A76: Note - Kingsbury Hill - Interest | B76: 9714.7 | D76: 2282 | F76: 2282
A78: Total Debt Service | C78: =SUM(C67:C77) -> 0 | D78: =SUM(D67:D77) -> 51729 | E78: =SUM(E67:E77) -> 0 | F78: =SUM(F67:F77) -> 42546
A80: Transfers
A82: Highway Equipment Reserve | B82: 9950.9 | C82: 10000 | D82: 10000 | F82: 20000
A84: Total Transfers | C84: =SUM(C81:C83) -> 10000 | D84: =SUM(D81:D83) -> 10000 | E84: =SUM(E81:E83) -> 0 | F84: =SUM(F81:F83) -> 20000
A86: TOTAL APPROPRIATIONS | C86: =SUM(C65,C55,C41,C31,C48,C78,C84) -> 791823 | D86: =SUM(D65,D55,D41,D31,D48,D78,D84) -> 611944 | E86: =SUM(E65,E55,E41,E31,E48,E78,E84) -> 275336 | F86: =SUM(F65,F55,F41,F31,F48,F78,F84) -> 635478.85

Sheet Highway DA -Rev
A1: =+Summary!A1 -> TOWN OF FARMERSVILLE, NEW YORK
A5: HIGHWAY FUND DA | D5: ='General A - App'!D5 -> Adopted | E5: Actual Thru | F5: =PROPER(LEFT(Cover!A1,FIND(" ",Cover!A1,1))) -> Tentative
A6: REVENUES | C6: Actual | D6: Budget | E6: SEPT | F6: Budget
C7: =F7-2 -> 2021 | D7: =F7-1 -> 2022 | E7: =F7-1 -> 2022 | F7: =Cover!A3 -> 2023
A9: Accounts | B9: Code
A11: Real Property Taxes
A13: Real Property Taxes | B13: 1001 | C13: 448863 | D13: 490468 | F13: =+Summary!I12 -> 302478.85
A15: Total Real Property Taxes | C15: =SUM(C13) -> 448863 | D15: =SUM(D13) -> 490468 | E15: =SUM(E13) -> 0 | F15: =SUM(F13) -> 302478.85
A17: Non Property Tax Items
A19: Sales Tax | B19: 1120 | C19: 0 | D19: 0 | E19: 0 | F19: 200000
A21: Total Non Property Tax Items | C21: =SUM(C19) -> 0 | D21: =SUM(D19) -> 0 | E21: =SUM(E19) -> 0 | F21: =SUM(F19) -> 200000
A22: Use of Money And Property
A24: Interest - Regular Funds | B24: 2401 | C24: 66 | D24: 500 | E24: 200 | F24: 500
A25: Interest - Reserve Funds | B25: 2401R | D25: 300 | E25: 1356 | F25: 1500
A27: Total Use of Money And Property | C27: =SUM(C24:C25) -> 66 | D27: =SUM(D24:D25) -> 800 | E27: =SUM(E24:E25) -> 1556 | F27: =SUM(F24:F25) -> 2000
A29: Misc Local Sources
A31: Refund Prior Year Expenditure | B31: 2701
A33: Total Misc Local Sources | C33: =SUM(C31:C32) -> 0 | D33: =SUM(D31:D32) -> 0 | E33: =SUM(E31:E32) -> 0 | F33: =SUM(F31:F32) -> 0
A35: State Aid
A37: State Aid - CHIPS | B37: 3501 | C37: 257167 | D37: 114000 | F37: 131000
A38: State Aid - Pave NY | B38: 3502
A39: State Aid - Extreme Weather | B39: 3503
A41: Total State Aid | C41: =SUM(C37:C39) -> 257167 | D41: =SUM(D37:D39) -> 114000 | E41: =SUM(E37:E39) -> 0 | F41: =SUM(F37:F39) -> 131000
A43: Total Non-Property Tax Revenues | C43: =SUM(C41,C33,C27) -> 257233 | D43: =SUM(D41,D33,D27) -> 114800 | E43: =SUM(E41,E33,E27) -> 1556 | F43: =SUM(F41,F33,F27+F21) -> 333000
A45: TOTAL REVENUES | C45: =SUM(C43,C15) -> 706096 | D45: =SUM(D43,D15) -> 605268 | E45: =SUM(E43,E15) -> 1556 | F45: =SUM(F43,F15) -> 635478.85

Sheet Lighting District
A1: =+Summary!A1 -> TOWN OF FARMERSVILLE, NEW YORK
A5: KILLBUCK LIGHTING DISTRICT | D5: ='General A - App'!D5 -> Adopted | E5: Actual Thru | F5: =PROPER(LEFT(Cover!A1,FIND(" ",Cover!A1,1))) -> Tentative
C6: Actual | D6: Budget | E6: SEPT | F6: Budget
C7: =F7-2 -> 2021 | D7: =F7-1 -> 2022 | E7: =F7-1 -> 2022 | F7: =Cover!A3 -> 2023
A9: Accounts | B9: Code
A11: APPROPRIATIONS
A12: Street Ltg - Contractual | B12: 5182.41 | C12: 3700 | D12: 3500 | E12: 1959 | F12: 2500
A14: TOTAL APPROPRIATIONS | C14: =SUM(C12) -> 3700 | D14: =SUM(D12) -> 3500 | E14: =SUM(E12) -> 1959 | F14: =SUM(F12) -> 2500
A18: REVENUES
A19: Real Property Taxes | B19: 1001.01 | C19: 5000 | D19: 3500 | F19: =+Summary!I18 -> 2500
A21: TOTAL REVENUES | C21: =C19 -> 5000 | D21: =D19 -> 3500 | E21: =E19 -> 0 | F21: =F19 -> 2500

Sheet Salaries
A1: =+'General A - App'!A1 -> TOWN OF FARMERSVILLE, NEW YORK
A3: Elected Officials Salaries
A4: =Cover!A3&" "&Cover!A1 -> 2023 TENTATIVE TOWN BUDGET
A5: (Article 8 of the Town Law)
A8: Officer | C8: Salary
A10: Town Supervisor
A12: Town Board
A14: Town Justices
A16: Town Clerk
A18: Highway Superintendent

Sheet Sheet1
